 Dungeon Crawl Stone Soup version 0.24.0-37-gcf1ca852f1 (webtiles) character file.

Game seed: 868892080154146975, levelgen mode: deterministic

373 FishyPogo the Ducker (level 6, -1/47 HPs)
             Began as a Demonspawn Gladiator on Nov 30, 2019.
             Was a Follower of Wu Jian.
             Slain by an orc wizard
             ... wielding a +0 dagger
              (5 damage)
             ... on level 4 of the Dungeon.
             The game lasted 00:11:37 (2681 turns).

FishyPogo the Ducker (Demonspawn Gladiator)         Turns: 2681, Time: 00:11:38

Health: -1/47      AC:  9    Str: 11 (14) XL:     6   Next: 43%
Magic:  6/6        EV: 15    Int:  8 (9)  God:    Wu Jian [*.....]
Gold:   91         SH:  0    Dex: 16 (17) Spells: 5/5 levels left

rFire    . . .     SeeInvis .   a - +0 rapier
rCold    + . .     Gourm    .   (no shield)
rNeg     + . .     Faith    .   r - +2 robe {rN+}
rPois    .         Spirit   .   c - +0 helmet
rElec    .         Reflect  .   (no cloak)
rCorr    .         Harm     .   (no gloves)
MR       .....                  (no boots)
Stlth    ++........             (no amulet)
HPRegen  0.15/turn              w - ring of wizardry
MPRegen  0.10/turn              (no ring)

@: flying (expiring), very slightly contaminated
A: icy blue scales 3, powered by death 2
a: Renounce Religion


You were on level 4 of the Dungeon.
You worshipped Wu Jian.
Wu Jian was aware of your devotion.
You were not hungry.

You visited 1 branch of the dungeon, and saw 4 of its levels.

You collected 91 gold pieces.

Inventory:

Hand Weapons
 a - a +0 rapier (weapon)
Missiles
 d - 6 throwing nets
 j - 45 stones (quivered)
 k - 8 boomerangs
 u - 3 poisoned darts
Armour
 b - a +0 leather armour
 c - a +0 helmet (worn)
 r - a +2 robe of positive energy (worn)
Jewellery
 w - a ring of wizardry (left hand)
Wands
 g - a wand of polymorph (9)
Scrolls
 e - 4 scrolls of identify
 h - a scroll of amnesia
 t - a scroll of enchant weapon {unknown}
 v - a scroll of teleportation {unknown}
 y - 2 scrolls of immolation {unknown}
 A - a scroll of remove curse {unknown}
Potions
 m - 2 potions of resistance
Comestibles
 f - 4 rations
 n - 2 chunks of flesh


   Skills:
 + Level 3.4 Fighting
 - Level 3.0 Short Blades
 - Level 3.0 Throwing
 * Level 4.7 Dodging
 + Level 2.6 Stealth


You had 5 spell levels left.
You didn't know any spells.
Your spell library was empty.

Dungeon Overview and Level Annotations

Branches:
Dungeon (4/15)             Temple (0/1) D:4

Altars:
Sif Muna
Uskayaw
Wu Jian


Innate Abilities, Weirdness & Mutations

You are completely covered in icy blue scales. (AC +4, rC+)
You regenerate health from kills.


Message History

It was a scroll of fear.
As you read the scroll labeled JIUCYD XIAC, it crumbles to dust.
It is a scroll of enchant armour.
Your +1 robe of positive energy glows green for a moment.
As you read the scroll labeled HOASOOSINO, it crumbles to dust.
The scroll dissolves into smoke.
It was a scroll of fog.
You are starting to lose your buoyancy.
The iguana completely misses you.
You closely miss the orc wizard.
The orc wizard is severely wounded.
The iguana misses you.
The orc wizard hits you but does no damage.
Unknown command.
Found a scroll labeled UCRUDE PUAPUISH.
As you read the scroll labeled UCRUDE PUAPUISH, it crumbles to dust.
You feel aware of your surroundings.
You sensed 1 altar, and 3 shops/portals.
It was a scroll of magic mapping.
The orc wizard hits you with a +0 dagger.
You die...

#.#.####.####.#.####
#.#.##.....##.......
#.#.#.o.....#.......
#.#.#.......#.......
#..§...._o..........
#§§§#...l...#.#'####
#§§l#.......#.#.#
#§#o##.....##.#.####
#.#@####.####.....l)
#.#..?.........#####
#.#########....# #.#
###### ########.#
#<.......#
##########


You could see an iguana and an orc wizard.

Vanquished Creatures
  Sigmund (D:3)
  A howler monkey (D:4)
  Jessica (D:2)
  An orc wizard (D:4)
  A worker ant (D:4)
  4 adders
  2 worms (D:2)
  2 orcs
  2 giant cockroaches
  9 goblins
  7 hobgoblins
  6 kobolds
  A quokka (D:4)
  A ball python (D:1)
  7 bats
  6 frilled lizards
  A quokka skeleton (D:4)
  5 rats
58 creatures vanquished.

Notes
Turn   | Place    | Note
-------+----------+-------------------------------------------
     0 | D:1      | FishyPogo the Demonspawn Gladiator began the quest for the
                  | Orb.
     0 | D:1      | Reached XP level 1. HP: 16/16 MP: 1/1
   214 | D:1      | Gained mutation: You are partially covered in icy blue
                  | scales. (AC +2) [demonic ancestry]
   214 | D:1      | Reached XP level 2. HP: 21/22 MP: 2/2
   424 | D:1      | Reached skill level 3 in Dodging
   926 | D:2      | Gained mutation: You regenerate a little health from kills.
                  | [demonic ancestry]
   926 | D:2      | Reached XP level 3. HP: 20/27 MP: 3/3
  1047 | D:2      | Reached skill level 1 in Stealth
  1073 | D:2      | Noticed Jessica
  1082 | D:2      | Killed Jessica
  1082 | D:2      | Gained mutation: You regenerate health from kills. [demonic
                  | ancestry]
  1082 | D:2      | Reached XP level 4. HP: 32/34 MP: 4/4
  1439 | D:3      | Noticed Sigmund
  1446 | D:3      | Killed Sigmund
  1446 | D:3      | Reached skill level 4 in Dodging
  1446 | D:3      | Gained mutation: You are mostly covered in icy blue scales.
                  | (AC +3) [demonic ancestry]
  1446 | D:3      | Reached XP level 5. HP: 26/41 MP: 5/5
  1697 | D:3      | Found a faded altar of an unknown god.
  1859 | D:3      | Became a worshipper of the Wu Jian Council
  1859 | D:3      | Reached * piety under Wu Jian
  2017 | D:4      | Found a hide-covered altar of Uskayaw.
  2059 | D:4      | Gained mutation: You are completely covered in icy blue
                  | scales. (AC +4, rC+) [demonic ancestry]
  2059 | D:4      | Reached XP level 6. HP: 43/47 MP: 6/6
  2571 | D:4      | Found a shimmering blue altar of Sif Muna.
  2659 | D:4      | HP: 1/47 [orc wizard/magic dart (5)]
  2681 | D:4      | Slain by an orc wizard

Levels and vault maps discovered:
D:1:      lightli_molten_gateway, layout_basic
D:2:      layout_loops_ring, uniq_jessica
D:3:      layout_basic, chequers_ecumenical_altar_simple_redux, uniq_sigmund
D:4:      layout_basic, old_standard_altar, eat_drink_and_be_merry_uskayaw,
          minmay_temple_entry_junction, first_ration, ebering_ghost_gozag

Skill      XL: |  1  2  3  4  5  6 |
---------------+-------------------+-----
Throwing       | 2 3 |  3.0
Dodging        | 3 4 |  4.7
Short Blades   | 3 |  3.0
Stealth        | 1 2 |  2.6
Fighting       | 3 |  3.4

Action                   |  1- 3 |  4- 6 || total
-------------------------+-------+-------++-------
Melee: Rapier            |    87 |   133 ||   220
Throw: Stone             |     6 |     1 ||     7
Invok: Lunge             |       |     5 ||     5
       Whirlwind         |       |     1 ||     1
  Use: Scroll            |       |     7 ||     7
       Potion            |       |     7 ||     7
 Stab: Sleeping          |     1 |     8 ||     9
       Distracted        |       |     1 ||     1
  Eat: Chunk             |     1 |     5 ||     6
Armor: Leather armour    |    36 |       ||    36
       Robe              |       |    44 ||    44
Dodge: Dodged            |    52 |    89 ||   141
